 Dungeon Crawl Stone Soup version 0.23-a0-625-g1d2cd9b (webtiles) character file.

991 TheGoonsmith the Firebug (level 8, -4/94 HPs)
             Began as a Hill Orc Fire Elementalist on Dec 24, 2018.
             Was a Believer of Cheibriados.
             Slain by Menkaure (24 damage)
             ... on level 4 of the Dungeon.
             The game lasted 00:09:54 (4526 turns).

TheGoonsmith the Firebug (HOFE)                     Turns: 4526, Time: 00:09:54

Health: -4/94      AC:  7    Str: 24    XL:     8   Next: 18%
Magic:  4/13       EV: 12    Int: 21    God:    Cheibriados [**....]
Gold:   171        SH:  0    Dex: 17    Spells: 6/14 levels left

rFire    . . .     SeeInvis .   j - +0 mace
rCold    . . .     Gourm    .   (no shield)
rNeg     + . .     Faith    .   q - +2 robe {rN+}
rPois    +         Spirit   .   (helmet restricted)
rElec    .         Reflect  .   r - +2 cloak {rPois}
rCorr    .         Harm     .   (no gloves)
MR       .....                  (no boots)
Stlth    ..........             (no amulet)
HPRegen  0.25/turn              (no ring)
MPRegen  0.13/turn              (no ring)

@: berserking, very slow
A: antennae 1, MP-powered wands
a: Bend Time, Renounce Religion


You were on level 4 of the Dungeon.
You worshipped Cheibriados.
Cheibriados was pleased with you.
You were not hungry.

You visited 1 branch of the dungeon, and saw 6 of its levels.

You collected 171 gold pieces.

Inventory:

Hand Weapons
 d - a +0 dagger
 j - a +0 mace (weapon)
Armour
 a - a +0 robe
 b - a +0 cloak
 k - a +0 helmet
 q - a +2 robe of positive energy (worn)
 r - a +2 cloak of poison resistance (worn)
 w - a +1 chain mail of fire resistance
Wands
 l - a wand of paralysis (14)
 n - a wand of acid (4)
Scrolls
 e - 4 scrolls of identify
 f - 2 scrolls of enchant armour
 g - a scroll of immolation
 s - a scroll of amnesia
Potions
 h - 4 potions of haste
 o - a potion of curing
 p - a potion of might {unknown}
Comestibles
 c - 6 rations


   Skills:
 + Level 3.1 Fighting
 - Level 1.5 Dodging
 - Level 1.5 Stealth
 + Level 3.7 Spellcasting
 - Level 5.0 Conjurations
 + Level 6.8 Fire Magic


You had 6 spell levels left.
You knew the following spells:

 Your Spells              Type           Power        Failure   Level  Hunger
a - Flame Tongue          Conj/Fire      ####.        1%          1    None
c - Conjure Flame         Conj/Fire      ####....     3%          3    ###....
s - Sticky Flame          Conj/Fire      ####....     11%         4    ####...

Your spell library contained the following spells:

 Spells                   Type           Power        Failure   Level  Hunger
 Throw Flame              Conj/Fire      ####..       1%          2    ##.....
 Inner Flame              Hex/Fire       ###.....     9%          3    ###....
 Fireball                 Conj/Fire      ####......   30%         5    ######.


Dungeon Overview and Level Annotations

Branches:
Dungeon (6/15)
 Temple: D:4-7

Altars:
Ashenzari
Cheibriados
Makhleb
Okawaru
Xom
Zin
The Shining One

Annotations:
D:4 Eustachio, Menkaure


Innate Abilities, Weirdness & Mutations

You have a pair of small antennae on your head.
You expend magic power (3 MP) to strengthen your wands.


Message History

You assume a fearsome visage.
Eustachio looks frightened!
Menkaure is unaffected.
It was a scroll of fear.
Menkaure calls on the powers of darkness!
Eustachio convulses!
Your body is wracked with pain!
* * * LOW HITPOINT WARNING * * *
Eustachio gestures wildly while chanting.
Eustachio blinks!
It was a potion of mutation.
You feel extremely strange.
You feel your magical essence link to your wands.
A pair of antennae grows on your head!
Your +0 helmet falls away!
Okay, then.
It was a potion of berserk rage.
A red film seems to cover your vision as you go berserk!
Cheibriados protects you from inadvertent hurry.
You feel mighty!
You thump Menkaure!
Menkaure is moderately damaged.
Menkaure hits you!!
You die...

.............#........# #.
##...........#........# #.
#.....................# #.
#.........†...........####. #.
#.............####......... #.#
#......(......####......... ...
.......?.........#.........
#.#########...###M.....#.........
......#.........@..)...#.........
#...#.#.###..).........####..###†
#.....#.# ###..........# ##.....
..[)[...# #..........# #.....
...<...(# #..........# #.....
.######.## #..........# #.....
.........# #####......# ###.#.
.##....).############### #.#.
.......................# #...


You could see Menkaure.

Vanquished Creatures
  Sigmund (D:2)
  An ogre (D:4)
  2 scorpions (D:4)
  A howler monkey (D:5)
  2 crimson imps
  A hound (D:4)
  2 orc priests (D:4)
  Crazy Yiuf (D:2)
  5 orc wizards
  An iguana (D:4)
  A bullfrog skeleton (D:4)
  Natasha (thrice) (D:4)
  A worker ant (D:4)
  A hound skeleton (D:4)
  4 adders
  An adder skeleton (D:4)
  A worm (D:3)
  A dart slug (D:3)
  2 leopard geckos
  11 orcs
  A ball python (D:4)
  8 bats
  4 giant cockroaches
  5 hobgoblins
  6 jackals
  2 quokkas
  2 frilled lizards
  4 goblins (D:1)
  9 kobolds
  7 rats
91 creatures vanquished.

Notes
Turn   | Place    | Note
-------+----------+-------------------------------------------
     0 | D:1      | TheGoonsmith the Hill Orc Fire Elementalist began the quest
                  | for the Orb.
     0 | D:1      | Reached XP level 1. HP: 14/14 MP: 3/3
   107 | D:1      | Reached XP level 2. HP: 13/20 MP: 0/4
   845 | D:2      | Reached XP level 3. HP: 26/26 MP: 1/6
   893 | D:2      | Found a shattered altar of Ashenzari.
  1170 | D:2      | Found a glowing silver altar of Zin.
  1177 | D:2      | Found a snail-covered altar of Cheibriados.
  1184 | D:2      | Became a worshipper of Cheibriados the Contemplative
  1316 | D:2      | Found a runed door.
  1612 | D:2      | Reached skill level 4 in Fire Magic
  1613 | D:2      | Found a glowing golden altar of the Shining One.
  1829 | D:2      | Reached XP level 4. HP: 30/33 MP: 0/7
  1896 | D:2      | Learned a level 4 spell: Sticky Flame
  1924 | D:2      | Noticed Sigmund
  1946 | D:2      | Killed Sigmund
  1946 | D:2      | Reached XP level 5. HP: 38/38 MP: 5/9
  2082 | D:2      | Reached XP level 6. HP: 45/45 MP: 7/10
  2271 | D:2      | Noticed Crazy Yiuf
  2275 | D:2      | Killed Crazy Yiuf
  2275 | D:2      | Reached skill level 5 in Fire Magic
  2355 | D:3      | Learned a level 3 spell: Conjure Flame
  2518 | D:3      | You fall through a shaft for 3 floors!
  2524 | D:5      | Entered Level 5 of the Dungeon
  2526 | D:5      | Reached * piety under Cheibriados
  2674 | D:4      | Reached skill level 6 in Fire Magic
  2674 | D:4      | Reached XP level 7. HP: 31/50 MP: 1/11
  2989 | D:4      | Noticed Natasha
  2994 | D:4      | Killed Natasha
  3007 | D:4      | Reached skill level 1 in Fighting
  3115 | D:4      | Reached ** piety under Cheibriados
  3155 | D:4      | Noticed Natasha
  3161 | D:4      | Killed Natasha
  3343 | D:3      | Found a burning altar of Makhleb.
  3344 | D:3      | Found a shimmering altar of Xom.
  3694 | D:3      | Found an iron altar of Okawaru.
  4410 | D:4      | Reached XP level 8. HP: 49/62 MP: 7/13
  4506 | D:4      | Noticed Natasha
  4508 | D:4      | Noticed Menkaure
  4510 | D:4      | Noticed Eustachio
  4513 | D:4      | Killed Natasha
  4513 | D:4      | Reached skill level 5 in Conjurations
  4524 | D:4      | Gained mutation: You expend magic power (3 MP) to
                  | strengthen your wands. [potion of mutation]
  4524 | D:4      | Gained mutation: You have a pair of small antennae on your
                  | head. [potion of mutation]
  4526 | D:4      | Slain by Menkaure

Vault maps used:
D:1:      giann_wishing_wells, hangedman_decor_push, st_stairs_3,
          minmay_liquid_box
D:2:      lemuel_coloured_pillars_altar, ashenzari_conservatory_becter,
          amethyst_overflow_temple_binary, uniq_sigmund, uniq_crazy_yiuf_cottage
D:3:      grunt_temple_overflow_champion_of_chaos, old_standard_altar,
          first_ration
D:4:      uniq_eustachio, uniq_natasha, uniq_menkaure
D:5:      temple_doors_e, uniq_pikel
D:6:      nemelex_altar_shiori, grunt_dithmenos_smoke, grunt_ministairs_11,
          minmay_manual_mess

Skill      XL: |  1  2  3  4  5  6  7  8 |
---------------+-------------------------+-----
Spellcasting   | 2 3 |  3.7
Conjurations   | 2 3 4 5 |  5.0
Fire Magic     | 4 6 |  6.8
Fighting       | 2 3 |  3.1
Dodging        | |  1.5
Stealth        | |  1.5

Action                   |  1- 3 |  4- 6 |  7- 9 || total
-------------------------+-------+-------+-------++-------
Melee: Unarmed           |    17 |       |       ||    17
       Dagger            |    13 |       |       ||    13
       Mace              |    10 |    23 |    20 ||    53
 Cast: Flame Tongue      |    50 |    47 |    92 ||   189
       Sticky Flame      |       |       |     1 ||     1
Evoke: Wand              |       |     4 |       ||     4
  Use: Scroll            |       |     5 |     3 ||     8
       Potion            |       |       |     3 ||     3
  Eat: Chunk             |     3 |     4 |     2 ||     9
Armor: Robe              |    38 |    18 |    30 ||    86
Dodge: Dodged            |    60 |    32 |    41 ||   133

Table legend:
 A = Non-vault XP
 B = Vault XP
 C = Vault XP percentage of total XP
 D = Non-vault monster count
 E = Vault monster count
 F = Vault count percentage of total count
                 A         B        C        D         E       F
            +---------+---------+-------+---------+---------+-------
      Total |    1071 |     346 |  24.4 |      85 |       6 |   6.6
            +---------+---------+-------+---------+---------+-------
        D:1 |      26 |       4 |  13.3 |      18 |       2 |  10.0
        D:2 |      70 |     261 |  78.9 |      20 |       2 |   9.1
        D:3 |      81 |      46 |  36.2 |      13 |       1 |   7.1
        D:4 |     738 |      35 |   4.5 |      27 |       1 |   3.6
        D:5 |     156 |       0 |   0.0 |       7 |       0 |   0.0
            +---------+---------+-------+---------+---------+-------
